 Dungeon Crawl Stone Soup version 0.21-a0-442-g848f44b (webtiles) character file.

11599 Laiders the Basher (level 11, -12/99 HPs)
             Began as a Minotaur Fighter on Nov 15, 2017.
             Was an Elder of the Shining One.
             Engulfed by an ice statue's freezing vapour (21 damage)
             ... on level 10 of the Dungeon.
             The game lasted 00:39:21 (9882 turns).

Laiders the Basher (Minotaur Fighter)               Turns: 9882, Time: 00:39:21

Health: -12/99     AC: 21    Str: 29    XL:     11   Next: 51%
Magic:  10/10      EV:  8    Int:  5    God:    the Shining One [****..]
Gold:   799        SH: 13    Dex: 10    Spells: 10/10 levels left

rFire    + . .     SeeInvis .   b - +5 flail (holy)
rCold    . . .     Gourm    .   c - +1 shield
rNeg     + + .     Faith    .   w - +3 chain mail {rF+}
rPois    .         Spirit   .   B - +2 hat {MR+}
rElec    .         Reflect  .   u - +0 cloak
rCorr    .         Harm     .   J - +2 pair of gloves
MR       ++...                  (no boots)
Stlth    ..........             G - amulet of rage
HPRegen  0.26/turn              Q - ring of protection from magic
MPRegen  0.12/turn              e - +5 ring of strength

@: glowing
A: retaliatory headbutt, horns 2
a: Divine Shield, Cleansing Flame, Renounce Religion, Evoke Berserk Rage


You were on level 10 of the Dungeon.
You worshipped the Shining One.
The Shining One was greatly pleased with you.
You were hungry.

You visited 2 branches of the dungeon, and saw 11 of its levels.
You also visited: Ossuary.

You collected 799 gold pieces.

Inventory:

Hand Weapons
 b - a +5 flail of holy wrath (weapon)
 S - a +2 demon trident of venom
Missiles
 h - 5 javelins
 K - 16 tomahawks (quivered)
 P - 20 stones
 R - a throwing net
Armour
 c - a +1 shield (worn)
 u - a +0 cloak (worn)
 w - a +3 chain mail of fire resistance (worn)
 B - a +2 hat of magic resistance (worn)
 J - a +2 pair of gloves (worn)
Jewellery
 e - a +5 ring of strength (right hand)
 z - an uncursed ring of fire
 G - an amulet of rage (around neck)
 Q - a ring of protection from magic (left hand)
Wands
 E - a wand of digging (9/24)
 I - a wand of flame (19/48)
 U - a wand of polymorph (21/24)
Scrolls
 i - 5 scrolls of blinking
 j - 4 scrolls of remove curse
 k - 2 scrolls of magic mapping {unknown}
 m - a scroll of fog {unknown}
 p - 9 scrolls of teleportation
 s - 4 scrolls of enchant weapon
 v - 5 scrolls of enchant armour
 y - 2 scrolls of noise
 D - a scroll of random uselessness {unknown}
 F - a scroll of summoning {unknown}
 H - 2 scrolls of fear {unknown}
 L - a scroll of immolation {unknown}
 N - 2 scrolls of identify
 O - a scroll of silence {unknown}
Potions
 a - 2 potions of flight {unknown}
 d - 5 potions of might
 l - 8 potions of curing
 n - a potion of resistance {unknown}
 q - 6 potions of haste
 r - 2 potions of agility
 t - 3 potions of heal wounds
 x - a potion of invisibility {unknown}
 A - 2 potions of cancellation {unknown}
 C - 2 potions of brilliance {unknown}
Comestibles
 f - 9 bread rations
 g - 9 royal jellies
 o - 8 meat rations
 M - 7 fruits


   Skills:
 - Level 10.0 Fighting
 - Level 14.5 Maces & Flails
 - Level 10.0 Armour
 + Level 0.1 Dodging
 + Level 10.0 Shields
 + Level 0.1 Invocations
 + Level 0.0 Evocations


You had 10 spell levels left.
You didn't know any spells.

Dungeon Overview and Level Annotations

Branches:
Dungeon (10/15)            Temple (1/1) D:4            Lair (0/6) D:8
    Orc (0/2) D:9

Altars:
Ashenzari
Cheibriados
Dithmenos
Elyvilon
Fedhas
Gozag
Hepliaklqana
Kikubaaqudgha
Makhleb
Nemelex Xobeh
Okawaru
Qazlal
Ru
Sif Muna
Trog
Uskayaw
Vehumet
Wu Jian
Xom
Yredelemnul
Zin
The Shining One

Annotations:
D:10 exclusion: ice statue


Innate Abilities, Weirdness & Mutations

You reflexively headbutt those who attack you in melee.
You have a pair of horns on your head.


Message History

You hit the ice beast.
The ice beast is lightly wounded.
You are engulfed in freezing vapours.
You completely miss the ice beast. You headbutt the ice beast.
The ice beast is moderately wounded.
You are engulfed in freezing vapours.
The ice beast hits you but does no damage.
You bludgeon the ice beast!!
You kill the ice beast!
You are engulfed in freezing vapours.
You are engulfed in freezing vapours.
The ice statue gestures.
You bludgeon the ice beast!!
You kill the ice beast!
You are engulfed in freezing vapours.
The ice statue gestures at you. The shard of ice hits you!
* * * LOW HITPOINT WARNING * * *
You are engulfed in freezing vapours.
You die...

..)†)...#..#..)####...###...# #
........#..#..)# #...# #...#####
#####.)##..##..# #...###........
#..##..##..# #..............
#..##...#..# #..............
#####..##...##.####..............
.......##....###.................
.......##....§.####..............
........#...§.§§@8#..............
........#...§.§####..............
####....#..§§#### #.........#####
#...##...##..# #.........# #
####...##...#...# #>........# #
.......##..##...###.........#####
........#..#.....................
........#..#.....................
.......## #...####..............


You could see an ice statue.

Vanquished Creatures
  Snorg (D:10)
  2 two-headed ogres (D:9)
  Urug (D:9)
  Pikel (D:6)
  An ugly thing (D:9)
  Psyche (D:9)
  3 trolls
  The ghost of Inectha the Conjurer, a novice DECj of Vehumet (D:5)
  2 hippogriffs
  A vampire (D:9)
  2 yaks (D:8)
  A wyvern (D:10)
  Edmund (D:4)
  A soldier ant (D:10)
  A porcupine (D:8)
  A water moccasin (D:10)
  4 black bears
  5 orc warriors
  A sky beast (D:5)
  3 ice beasts
  3 phantoms
  An eye of draining (D:8)
  A necrophage (D:9)
  3 ogres
  A centaur (D:10)
  A crocodile (D:8)
  3 big kobolds
  4 bullfrogs
  A gnoll sergeant (D:5)
  A wyvern zombie (Ossuary)
  4 killer bees (D:7)
  4 scorpions
  A wyvern skeleton (D:7)
  3 wights (D:10)
  A howler monkey (D:4)
  3 crimson imps
  6 centaur zombies
  A quasit (D:6)
  3 bullfrog zombies
  3 hounds
  3 jellies
  9 orc priests
  13 orc wizards
  A centaur skeleton (D:6)
  Ijyb (D:5)
  An iguana (D:5)
  7 worker ants
  A killer bee zombie (D:8)
  2 hound zombies (Ossuary)
  11 mummies (Ossuary)
  A howler monkey zombie (Ossuary)
  4 worker ant zombies (Ossuary)
  22 gnolls
  8 adders
  A shadow imp (D:8)
  5 oozes
  8 adder zombies
  2 worms
  2 dart slugs
  6 leopard geckos
  48 orcs
  8 giant cockroaches
  44 goblins
  26 hobgoblins
  13 jackals
  16 kobolds
  7 quokkas
  A ball python (D:1)
  A ball python zombie (Ossuary)
  5 bats
  8 frilled lizards
  A jackal skeleton (D:7)
  A leopard gecko skeleton (D:6)
  3 leopard gecko zombies
  A quokka skeleton (D:5)
  6 rats (D:1)
  A fungus (D:8)
380 creatures vanquished.

Vanquished Creatures (others)
  7 fungi (D:8)
  A plant (D:8)
8 creatures vanquished.

Grand Total: 388 creatures vanquished

Notes
Turn   | Place    | Note
-------+----------+-------------------------------------------
     0 | D:1      | Laiders the Minotaur Fighter began the quest for the Orb.
     0 | D:1      | Reached XP level 1. HP: 19/19 MP: 0/0
   117 | D:1      | Reached skill level 3 in Maces & Flails
   124 | D:1      | Reached XP level 2. HP: 26/26 MP: 1/1
   199 | D:1      | Reached skill level 4 in Maces & Flails
   261 | D:1      | Reached XP level 3. HP: 9/31 MP: 2/2
  1301 | D:2      | Reached skill level 5 in Maces & Flails
  1468 | D:2      | Found a radiant altar of Vehumet.
  1477 | D:2      | Reached XP level 4. HP: 34/39 MP: 3/3
  2523 | D:3      | Reached skill level 6 in Maces & Flails
  2601 | D:3      | Reached XP level 5. HP: 45/45 MP: 4/4
  2865 | D:3      | Reached skill level 7 in Maces & Flails
  2968 | D:3      | Found a faded altar of an unknown god.
  3262 | D:4      | Noticed Edmund
  3267 | D:4      | Found a sand-covered staircase.
  3288 | D:4      | Killed Edmund
  3288 | D:4      | Reached skill level 8 in Maces & Flails
  3288 | D:4      | Reached XP level 6. HP: 17/51 MP: 5/5
  3363 | Ossuary  | Entered an ossuary
  3431 | Ossuary  | Reached skill level 9 in Maces & Flails
  3437 | Ossuary  | Reached XP level 7. HP: 12/57 MP: 6/6
  3581 | Ossuary  | Reached skill level 10 in Maces & Flails
  3921 | D:4      | Reached skill level 11 in Maces & Flails
  3927 | D:4      | Reached XP level 8. HP: 48/64 MP: 7/7
  4001 | D:4      | Found a blossoming altar of Fedhas.
  4192 | D:4      | Found a staircase to the Ecumenical Temple.
  4198 | Temple   | Entered the Ecumenical Temple
  4425 | Temple   | Became a worshipper of the Shining One
  4653 | D:5      | Entered Level 5 of the Dungeon
  4792 | D:5      | Reached skill level 12 in Maces & Flails
  4801 | D:5      | Noticed Inectha's ghost (novice DECj)
  4807 | D:5      | Killed Inectha's ghost
  4812 | D:5      | Noticed Ijyb
  4819 | D:5      | Killed Ijyb
  4819 | D:5      | Reached skill level 13 in Maces & Flails
  5088 | D:5      | Reached XP level 9. HP: 62/70 MP: 8/8
  5181 | D:5      | Reached * piety under the Shining One
  5823 | D:6      | Noticed Pikel
  5828 | D:6      | Killed Pikel
  5828 | D:6      | Reached skill level 14 in Maces & Flails
  7025 | D:7      | Reached skill level 5 in Fighting
  7025 | D:7      | Reached skill level 5 in Armour
  7028 | D:7      | Reached skill level 5 in Shields
  7117 | D:7      | Reached ** piety under the Shining One
  7195 | D:7      | Found a glowing silver altar of Zin.
  7197 | D:7      | Found an opulent altar of Gozag.
  7197 | D:7      | Found a white marble altar of Elyvilon.
  7198 | D:7      | Found a sparkling altar of Nemelex Xobeh.
  7198 | D:7      | Found a basalt altar of Yredelemnul.
  7239 | D:7      | Found a sacrificial altar of Ru.
  7536 | D:8      | Reached XP level 10. HP: 77/83 MP: 9/9
  7676 | D:8      | Found a staircase to the Lair.
  8252 | D:9      | Noticed a white ugly thing
  8252 | D:9      | Reached *** piety under the Shining One
  8259 | D:9      | Killed a white ugly thing
  8503 | D:9      | Noticed Psyche
  8504 | D:9      | Noticed a two-headed ogre
  8512 | D:9      | Killed a two-headed ogre
  8516 | D:9      | Killed Psyche
  8905 | D:9      | Reached XP level 11. HP: 95/95 MP: 10/10
  8914 | D:9      | Found a staircase to the Orcish Mines.
  9086 | D:9      | Noticed a two-headed ogre
  9089 | D:9      | Killed a two-headed ogre
  9249 | D:10     | Entered Level 10 of the Dungeon
  9249 | D:10     | Noticed Urug
  9258 | D:9      | Killed Urug
  9359 | D:10     | Noticed Snorg
  9368 | D:10     | Killed Snorg
  9458 | D:10     | Reached **** piety under the Shining One
  9639 | D:10     | Reached skill level 10 in Shields
  9669 | D:10     | Reached skill level 10 in Fighting
  9669 | D:10     | Reached skill level 10 in Armour
  9882 | D:10     | Engulfed by an ice statue's freezing vapour

Vault maps used:
D:1:      elethiomel_arrival_maze, corexii_item_surrounded_by_moat,
          minmay_tall_x
D:2:      vehumet_crystals
D:3:      chequers_ecumenical_altar_grove
D:4:      kennysheep_little_box, minmay_temple_entry_fiery,
          lightli_ossuary_entry_decrepit_ruins, minmay_goblin_kobold_house,
          uniq_edmund
D:5:      minmay_goblin_kobold_castle, first_bread, uniq_ijyb
D:6:      uniq_pikel
D:7:      nicolae_ru_great_annihilating_truth, grunt_temple_overflow_open,
          st_stairs_13
D:8:      due_lair_maze_entry_diamond
D:9:      david_orc_3, grunt_ogre_cave, uniq_psyche
D:10:     minmay_statue_hallways, uniq_snorg, uniq_urug
Temple:   dpeg_chambers_temple
Ossuary:  ossuary_zaba_flooded

Skill      XL: |  1  2  3  4  5  6  7  8  9 10 11 |
---------------+----------------------------------+-----
Maces & Flails | 3 4 5 6 8 9 11 13 14 | 14.5
Fighting       | 6 8 10 | 10.0
Armour         | 6 8 10 | 10.0
Shields        | 6 8 10 | 10.0
Dodging        | |  0.1
Invocations    | |  0.1

Action                   |  1- 3 |  4- 6 |  7- 9 | 10-12 || total
-------------------------+-------+-------+-------+-------++-------
Melee: Flail             |   105 |   142 |   350 |   275 ||   872
       Headbutt          |     9 |    32 |    69 |    50 ||   160
  Use: Scroll            |       |     2 |    13 |     1 ||    16
       Potion            |       |       |     1 |     1 ||     2
  Eat: Chunk             |     2 |     5 |    10 |     7 ||    24
       Bread ration      |       |       |     1 |       ||     1
Armor: Scale mail        |    39 |    34 |       |       ||    73
       Chain mail        |       |    15 |   113 |   149 ||   277
Dodge: Dodged            |    50 |    44 |    55 |    65 ||   214
Block: Shield            |    59 |    81 |   172 |   226 ||   538

Table legend:
 A = Spawn XP
 B = Non-spawn XP
 C = Spawn XP percentage of total XP
 D = Spawn monster count
 E = Non-spawn monster count
 F = Spawn count percentage of total count
 G = Total turns spent on level
                    A         B        C        D         E        F      G
               +---------+---------+-------+---------+---------+-------+---------
         Total |       0 |   16571 |   0.0 |       0 |     379 |   0.0 |  9882
               +---------+---------+-------+---------+---------+-------+---------
           D:1 |       0 |      64 |   0.0 |       0 |      33 |   0.0 |  1021
           D:2 |       0 |      41 |   0.0 |       0 |      15 |   0.0 |  1095
           D:3 |       0 |     177 |   0.0 |       0 |      33 |   0.0 |   939
           D:4 |       0 |     463 |   0.0 |       0 |      15 |   0.0 |   924
           D:5 |       0 |    1548 |   0.0 |       0 |      79 |   0.0 |  1220
           D:6 |       0 |    1144 |   0.0 |       0 |      21 |   0.0 |   813
           D:7 |       0 |     877 |   0.0 |       0 |      26 |   0.0 |   782
           D:8 |       0 |    2548 |   0.0 |       0 |      34 |   0.0 |   694
           D:9 |       0 |    5375 |   0.0 |       0 |      52 |   0.0 |  1130
          D:10 |       0 |    3558 |   0.0 |       0 |      37 |   0.0 |   590
       Ossuary |       0 |     776 |   0.0 |       0 |      34 |   0.0 |   438
               +---------+---------+-------+---------+---------+-------+---------
